 Dungeon Crawl Stone Soup version 0.22-a0-402-ga933591 (webtiles) character file.

8866 Firecrotchwizard the Fighter (level 11, -4/103 HPs)
             Began as a Minotaur Fighter on May 6, 2018.
             Was an Elder of Wu Jian.
             Slain by a large abomination (12 damage)
             ... on level 1 of the Abyss.
             The game lasted 00:17:15 (7976 turns).

Firecrotchwizard the Fighter (Minotaur Fighter)     Turns: 7976, Time: 00:17:15

Health: -4/103     AC: 22    Str: 26    XL:     11   Next: 15%
Magic:  19/19      EV:  7    Int:  5    God:    Wu Jian [****..]
Gold:   229        SH: 13    Dex: 13    Spells: 10/10 levels left

rFire    + . .     SeeInvis +     - Unarmed
rCold    . . .     Gourm    .   b - +0 shield
rNeg     . . .     Faith    .   y - +0 chain mail
rPois    .         Spirit   .   (helmet restricted)
rElec    .         Reflect  .   (no cloak)
rCorr    .         Harm     .   s - +3 pair of gloves of Negligence {Str+5}
MR       .....     Rnd*Rage +   f - +2 pair of boots
Stlth    ..........             (no amulet)
HPRegen  0.27/turn              r - ring of magical power {MP+9}
MPRegen  0.16/turn              l - ring of protection from fire {rF+, !d}

@: hasted (expiring), very quick
A: retaliatory headbutt, horns 2, icy blue scales 1, yellow scales 1, see
invisible, [berserk 2]
a: Wall Jump, Serpent's Lash, Renounce Religion


You were on level 1 of the Abyss.
You worshipped Wu Jian.
Wu Jian was greatly pleased with you.
You were hungry.

You visited 2 branches of the dungeon, and saw 10 of its levels.
You visited the Abyss 1 time.
You also visited: Sewer.

You collected 439 gold pieces.
You spent 210 gold pieces at shops.

Inventory:

Missiles
 t - a throwing net {=f, !d}
Armour
 b - a +0 shield (worn)
 f - a +2 pair of boots (worn)
   (You found it on level 7 of the Dungeon)
 s - the +3 pair of gloves of Negligence (worn) {Str+5}
   (You acquired it on level 9 of the Dungeon)

   It affects your strength (+5).
 y - a +0 chain mail (worn)
   (You found it on level 6 of the Dungeon)
Jewellery
 l - a ring of protection from fire (right hand) {rF+, !d}
   (You found it on level 9 of the Dungeon)
 r - a ring of magical power (left hand) {MP+9}
   (You found it on level 3 of the Dungeon)
Wands
 q - a wand of polymorph (28)
   (You found it on level 3 of the Dungeon)
 x - a wand of clouds (2)
   (You found it on level 6 of the Dungeon)
 F - a wand of flame (17)
   (You found it on level 8 of the Dungeon)
 G - a wand of iceblast (9)
   (You found it on level 7 of the Dungeon)
Scrolls
 e - 7 scrolls of remove curse
 i - 12 scrolls of identify
 n - a scroll of enchant weapon
 o - 2 scrolls of amnesia
 p - a scroll of teleportation
Potions
 c - 5 potions of curing {unknown}
 j - a potion of magic {unknown}
 k - a potion of brilliance {unknown}
 m - a potion of degeneration {unknown}
 u - a potion of might
 v - 3 potions of flight
 z - 2 potions of lignification {unknown}
 A - a potion of haste
 B - 2 potions of invisibility {unknown}
 C - a potion of berserk rage {!q}
Comestibles
 d - 15 rations {@e1}


   Skills:
 + Level 11.6 Fighting
 + Level 8.3 Armour
 * Level 10.9 Shields
 - Level 11.2 Unarmed Combat


You had 10 spell levels left.
You didn't know any spells.

Dungeon Overview and Level Annotations

Branches:
Dungeon (9/15)             Temple (1/1) D:4
   Lair: D:8-11         Orc: D:9-12

Altars:
Cheibriados
Dithmenos
Elyvilon
Fedhas
Gozag
Hepliaklqana
Kikubaaqudgha
Makhleb
Nemelex Xobeh
Qazlal
Ru
Sif Muna
Uskayaw
Vehumet
Wu Jian
Xom
Yredelemnul
Zin

Shops:
D:4 }   D:6 !

Annotations:
D:9 Erolcha


Innate Abilities, Weirdness & Mutations

You reflexively headbutt those who attack you in melee.
You have a pair of horns on your head.
You are partially covered in icy blue scales. (AC +2)
You are partially covered in yellow scales. (AC +2)
You have supernaturally acute eyesight. (SInv)
[You often lose your temper in combat.]


Message History

The small abomination hits you but does no damage.
The efreet hits you with a scimitar of flaming.
* * * LOW HITPOINT WARNING * * *
You take 17 damage, and have 1/102 hp.
You feel much better.
The sixfirhy hits you but does no damage.
The small abomination hits you.
* * * LOW HITPOINT WARNING * * *
You block the efreet's attack.
You regained 19 hp, and now have 20/102 hp.
You feel much better.
You block the small abomination's attack.
The efreet hits you but does no damage.
You regained 14 hp, and now have 34/102 hp.
You feel yourself speed up.
The sixfirhy hits you but does no damage.
The small abomination hits you!
* * * LOW HITPOINT WARNING * * *
The sixfirhy hits you but does no damage.
You take 11 damage, and have 23/102 hp.
You closely miss the sixfirhy. You headbutt the sixfirhy!
The sixfirhy hits you but does no damage.
You block the sixfirhy's attack. The efreet hits you but does no damage.
All of the chunks of flesh in your inventory have rotted away.
You closely miss the sixfirhy. Your headbutt misses the sixfirhy.
The sixfirhy hits you but does no damage.
You block the sixfirhy's attack.
You block the small abomination's attack.
You closely miss the sixfirhy. Your headbutt misses the sixfirhy.
The sixfirhy hits you.
* * * LOW HITPOINT WARNING * * *
The sixfirhy shocks you!
* * * LOW HITPOINT WARNING * * *
The sixfirhy hits you but does no damage.
You block the efreet's attack.
You take 14 damage, and have 9/102 hp.
You closely miss the sixfirhy. You headbutt the sixfirhy.
You block the small abomination's attack.
The iron imp grinds its teeth.
You barely miss the sixfirhy. You block the efreet's attack.
You closely miss the sixfirhy.
The small abomination hits you but does no damage.
You punch the sixfirhy! Your headbutt misses the sixfirhy.
You closely miss the sixfirhy.
The sixfirhy hits you but does no damage.
You block the efreet's attack. The small abomination hits you!
* * * LOW HITPOINT WARNING * * *
You take 8 damage, and have 1/102 hp.
You pummel the sixfirhy!!
You kill the sixfirhy!
The Council accepts your kill.
You hit the efreet.
The small abomination closely misses you.
You block the efreet's attack.
You hit the efreet. You block the quasit's attack.
The quasit claws you but does no damage.
The quasit closely misses you.
You hit the efreet.
You kill the efreet!
The Council accepts your kill.
You block the small abomination's attack.
You block the quasit's attack.
The quasit claws you but does no damage. x2
You see here a scimitar of flaming.
A wretched star comes into view.
The wretched star glows turbulently.
You block the orb of energy.
The orb of energy explodes!
A small abomination comes into view.
You spin and attack the small abomination.
Your shield and chain mail prevent you from hitting the small abomination.
The small abomination barely misses you.
A small abomination and a zombie come into view.
The wretched star pulses with an eldritch light!
You feel a little pissed off.
You feel angry.
The iron dragon zombie moves out of view.
A large abomination comes into view.
You spin and attack the large abomination.
You punch the large abomination! You headbutt the large abomination.
You block the large abomination's attack.
A black mamba skeleton comes into view.
Your extra speed is starting to run out.
You punch the black mamba skeleton! You headbutt the black mamba skeleton!
The black mamba skeleton bites you but does no damage.
You spin and attack the black mamba skeleton.
You completely miss the black mamba skeleton.
You headbutt the black mamba skeleton.
You block the black mamba skeleton's attack.
You spin and attack the black mamba skeleton.
You hit the black mamba skeleton. You headbutt the black mamba skeleton!
The black mamba skeleton bites you but does no damage.
You repeatedly attack the large abomination from above.
You hit the large abomination but do no damage.
You pummel the large abomination!!
You repeatedly attack the black mamba skeleton from above.
You closely miss the black mamba skeleton.
You hit the black mamba skeleton.
You block the black mamba skeleton's attack.
The black mamba skeleton bites you but does no damage.
The large abomination hits you!
You die...

### . .## #..#. .
... ###.#..# .#. ..
##....# ...#
#.#....# #..
#..#.#### .
#..###§Z##..## ..#
#.....§@X#...# ## ..
#.####§§#.#.## .#..
#........#..# ...#
#....#...#...###...#
. #.#..####.##.Z.#..
# .. ##.#.
######.5..# # ####
#. ....###.##.
##.##.#.## . .#. #.
... # ...#..


You could see a large abomination, an iron dragon zombie and a black mamba
skeleton.

Vanquished Creatures
  A hydra (D:9)
  2 two-headed ogres (D:9)
  A sixfirhy (Abyss:1)
  Pikel (D:7)
  The ghost of garrulousMonolith the Chopper, a novice HOMo of Beogh (D:4)
  A smoke demon (Abyss:1)
  An efreet (Abyss:1)
  An ancient zyme (Abyss:1)
  A silent spectre (Abyss:1)
  A queen bee (D:8)
  Grinder (D:3)
  A hungry ghost (D:7)
  Menkaure (D:4)
  An acid dragon (D:6)
  Duvessa (D:7)
  3 ice beasts (D:8)
  A necrophage (D:6)
  A slave (D:7)
  A phantom (D:6)
  5 ogres
  2 small abominations (Abyss:1)
  A centaur (D:9)
  A big kobold (Sewer)
  4 bullfrogs
  Blork the orc (D:4)
  Dowan (D:7)
  4 scorpions
  15 killer bees
  4 wights (D:6)
  3 crimson imps
  2 bullfrog zombies
  2 orc priests
  A jelly (D:5)
  3 hounds
  A centaur skeleton (D:6)
  2 iguanas
  8 orc wizards
  4 worker ants
  A hound zombie (D:6)
  A worker ant zombie (D:9)
  5 gnolls
  14 adders
  4 river rats
  A shadow imp (D:7)
  2 oozes
  An adder skeleton (D:4)
  An adder zombie (D:8)
  5 worms
  2 dart slugs
  6 leopard geckos
  36 orcs
  6 bats
  9 giant cockroaches
  7 goblins
  13 hobgoblins
  10 jackals
  5 kobolds
  4 quokkas
  5 ball pythons
  5 frilled lizards
  2 jackal zombies
  14 rats
245 creatures vanquished.

Vanquished Creatures (others)
  2 slaves (D:7)
  2 gnolls (D:7)
  An adder (D:7)
  An adder skeleton (D:7)
  A leopard gecko (D:7)
7 creatures vanquished.

Grand Total: 252 creatures vanquished

Notes
Turn   | Place    | Note
-------+----------+-------------------------------------------
     0 | D:1      | Firecrotchwizard the Minotaur Fighter began the quest for the Orb.
     0 | D:1      | Reached XP level 1. HP: 19/19 MP: 0/0
   155 | D:1      | Reached XP level 2. HP: 22/27 MP: 1/1
   475 | D:1      | Reached skill level 3 in Unarmed Combat
   576 | D:1      | Reached skill level 4 in Fighting
   576 | D:1      | Reached XP level 3. HP: 33/33 MP: 2/2
  1045 | D:2      | Reached XP level 4. HP: 39/41 MP: 3/3
  1136 | D:2      | Reached skill level 4 in Unarmed Combat
  1428 | D:3      | Noticed Grinder
  1450 | D:3      | HP: 8/41 [Grinder (7)]
  1462 | D:3      | HP: 6/41 [Grinder (3)]
  1463 | D:3      | Killed Grinder
  1463 | D:3      | Reached skill level 5 in Fighting
  1463 | D:3      | Reached skill level 5 in Unarmed Combat
  1463 | D:3      | Reached XP level 5. HP: 7/48 MP: 4/4
  1463 | D:3      | Reached XP level 6. HP: 9/56 MP: 5/5
  1770 | D:3      | Reached skill level 6 in Unarmed Combat
  2136 | D:3      | Found a blossoming altar of Fedhas.
  2360 | D:4      | HP: 12/57 [iguana (9)]
  2363 | D:4      | HP: 3/57 [iguana (8)]
  2367 | D:4      | Gained mutation: You have supernaturally acute eyesight. (SInv) [potion of mutation]
  2367 | D:4      | Gained mutation: You are partially covered in yellow scales. (AC +2) [potion of mutation]
  2367 | D:4      | Gained mutation: You are partially covered in icy blue scales. (AC +2) [potion of mutation]
  2370 | D:4      | HP: 2/85 [poisoned by a scorpion]
  2375 | D:4      | HP: 2/85 [poisoned by a scorpion]
  2381 | D:4      | HP: 2/57 [poisoned by a scorpion]
  2668 | D:4      | Found a staircase to the Ecumenical Temple.
  2672 | D:4      | Reached skill level 6 in Fighting
  2676 | D:4      | Noticed garrulousMonolith's ghost (novice HOMo)
  2696 | D:4      | Reached XP level 7. HP: 62/63 MP: 6/6
  2716 | Temple   | Entered the Ecumenical Temple
  2899 | Temple   | Became a worshipper of the Wu Jian Council
  2957 | D:4      | Noticed Blork the orc
  2975 | D:4      | Killed Blork the orc
  2975 | D:4      | Reached skill level 7 in Unarmed Combat
  2975 | D:4      | HP: 12/64 [garrulousMonolith's ghost (10)]
  2986 | D:4      | HP: 7/64 [garrulousMonolith's ghost (1)]
  2988 | D:4      | Killed garrulousMonolith's ghost
  2988 | D:4      | Reached skill level 7 in Fighting
  2988 | D:4      | Reached skill level 8 in Unarmed Combat
  3354 | D:4      | Found Arol's Gadget Boutique.
  3412 | D:4      | Found a sacrificial altar of Ru.
  3435 | D:4      | Noticed Menkaure
  3441 | D:4      | Killed Menkaure
  3441 | D:4      | Reached XP level 8. HP: 36/73 MP: 7/7
  3831 | D:5      | Entered Level 5 of the Dungeon
  3915 | D:5      | Reached skill level 9 in Unarmed Combat
  4302 | D:5      | Found a shimmering altar of Xom.
  4302 | D:5      | Found a shimmering altar of Xom.
  4302 | D:5      | Found a shimmering altar of Xom.
  4303 | D:5      | Found a shimmering altar of Xom.
  4303 | D:5      | Found a shimmering altar of Xom.
  4303 | D:5      | Found a shimmering altar of Xom.
  4303 | D:5      | Found a shimmering altar of Xom.
  4307 | D:5      | Reached * piety under Wu Jian
  4313 | D:5      | Found a shimmering altar of Xom.
  4616 | D:6      | Reached skill level 8 in Fighting
  4669 | D:6      | Found a glowing drain.
  4703 | Sewer    | Entered a sewer
  4781 | Sewer    | Reached skill level 10 in Unarmed Combat
  4804 | Sewer    | Found a glowing silver altar of Zin.
  5053 | D:6      | Reached ** piety under Wu Jian
  5177 | D:6      | Reached XP level 9. HP: 80/82 MP: 8/8
  5188 | D:6      | Reached skill level 9 in Fighting
  5224 | D:6      | Found Xozib's Distillery.
  5240 | D:6      | Bought a potion of haste for 140 gold pieces
  5240 | D:6      | Bought a potion of heal wounds for 70 gold pieces
  5411 | D:6      | Reached skill level 11 in Unarmed Combat
  5422 | D:6      | Reached skill level 4 in Armour
  5422 | D:6      | Reached skill level 4 in Shields
  5517 | D:7      | Found a white marble altar of Elyvilon.
  5517 | D:7      | Noticed Duvessa
  5520 | D:7      | Noticed Dowan
  5530 | D:7      | Killed Duvessa
  5688 | D:7      | Killed Dowan
  5717 | D:7      | Reached skill level 5 in Shields
  5864 | D:7      | Noticed Pikel
  5877 | D:7      | Killed Pikel
  5877 | D:7      | Reached skill level 10 in Fighting
  5877 | D:7      | Reached skill level 5 in Armour
  5877 | D:7      | Reached skill level 6 in Shields
  6176 | D:7      | Reached *** piety under Wu Jian
  6342 | D:8      | Reached skill level 7 in Shields
  6372 | D:8      | Reached XP level 10. HP: 93/93 MP: 9/9
  6608 | D:8      | Reached skill level 6 in Armour
  6646 | D:8      | HP: 23/94 [poisoned by a queen bee]
  6652 | D:8      | HP: 22/94 [poisoned by a queen bee]
  6658 | D:8      | HP: 21/94 [poisoned by a queen bee]
  6666 | D:8      | HP: 21/94 [poisoned by a queen bee]
  7025 | D:8      | Reached skill level 8 in Shields
  7357 | D:8      | Found a burning altar of Makhleb.
  7561 | D:9      | Identified a scroll of acquirement
  7562 | D:9      | Got a pair of steaming gloves
  7568 | D:9      | Identified the +3 pair of gloves of Negligence {Str+5} (You acquired it on level 9 of the Dungeon)
  7600 | D:9      | Noticed a two-headed ogre
  7603 | D:9      | Noticed a two-headed ogre
  7615 | D:9      | Killed a two-headed ogre
  7615 | D:9      | Reached skill level 7 in Armour
  7615 | D:9      | Reached skill level 9 in Shields
  7617 | D:9      | Killed a two-headed ogre
  7617 | D:9      | Reached skill level 11 in Fighting
  7619 | D:9      | Reached **** piety under Wu Jian
  7626 | D:9      | Noticed a seven-headed hydra
  7641 | D:9      | Killed a seven-headed hydra
  7641 | D:9      | Reached skill level 10 in Shields
  7754 | D:9      | Noticed Erolcha
  7763 | D:9      | Cast into level 1 of the Abyss (Erolcha)
  7893 | Abyss:1  | Reached skill level 8 in Armour
  7893 | Abyss:1  | Reached XP level 11. HP: 73/102 MP: 10/10
  7899 | Abyss:1  | Noticed a thrashing horror
  7916 | Abyss:1  | Noticed a sixfirhy
  7926 | Abyss:1  | HP: 25/102 [efreet/scimitar of flaming (6)]
  7929 | Abyss:1  | HP: 4/102 [sixfirhy (12)]
  7929 | Abyss:1  | HP: 1/102 [efreet/scimitar of flaming (3)]
  7935 | Abyss:1  | HP: 19/102 [sixfirhy (5)]
  7935 | Abyss:1  | HP: 9/102 [sixfirhy (10)]
  7940 | Abyss:1  | HP: 1/102 [small abomination (8)]
  7941 | Abyss:1  | Killed a sixfirhy
  7950 | Abyss:1  | Noticed a wretched star
  7976 | Abyss:1  | Slain by a large abomination

Vault maps used:
D:1:      dpeg_arrival_chase
D:2:      minmay_hexomino_c4
D:3:      lemuel_round_altar, first_ration, uniq_grinder
D:4:      nicolae_ru_path_of_blood, minmay_temple_entry_grid, serial_shops,
          shop, uniq_blork_the_orc, uniq_menkaure
D:5:      xom_redecorated
D:6:      minmay_cornered_nines, portal_sewer_entry_c, serial_shops, shop,
          kennysheep_another_room
D:7:      overflow_temple_1_default, uniq_duvessa, uniq_pikel
D:8:      lemuel_coloured_pillars_altar, david_nohive_1, minmay_misc_feat_rows
D:9:      lair_entry_dummy, hiddenorc1_lemuel, grunt_ministairs_14, uniq_erolcha
Temple:   dpeg_five_rooms_temple
Abyss:1:  evilmike_abyss_exit_vortex
Sewer:    sewer_kobolds

Skill      XL: |  1  2  3  4  5  6  7  8  9 10 |
---------------+-------------------------------+-----
Unarmed Combat | 3 5 6 8 10 11 | 11.2
Fighting       | 4 5 6 7 8 10 11 | 11.6
Armour         | 5 8 |  8.3
Shields        | 7 10 | 10.9

Action                   |  1- 3 |  4- 6 |  7- 9 | 10-12 || total
-------------------------+-------+-------+-------+-------++-------
Melee: Unarmed           |   129 |   130 |   357 |   180 ||   796
       Headbutt          |    20 |    30 |    73 |    38 ||   161
Invok: Lunge             |       |       |    29 |     8 ||    37
       Whirlwind         |       |       |    17 |     7 ||    24
       Wall Jump         |       |       |     4 |    10 ||    14
  Use: Potion            |       |     4 |     1 |     3 ||     8
       Scroll            |       |       |     5 |     7 ||    12
  Eat: Chunk             |       |     6 |    11 |     1 ||    18
       Ration            |       |       |     1 |     1 ||     2
Armor: Scale mail        |    42 |    35 |    90 |       ||   167
       Chain mail        |       |       |    63 |    72 ||   135
Dodge: Dodged            |    38 |    37 |    66 |    45 ||   186
Block: Shield            |    53 |    63 |   151 |   116 ||   383

Table legend:
 A = Spawn XP
 B = Non-spawn XP
 C = Spawn XP percentage of total XP
 D = Spawn monster count
 E = Non-spawn monster count
 F = Spawn count percentage of total count
 G = Total turns spent on level
                    A         B        C        D         E        F      G
               +---------+---------+-------+---------+---------+-------+---------
         Total |       0 |   12667 |   0.0 |       0 |     244 |   0.0 |  7976
               +---------+---------+-------+---------+---------+-------+---------
           D:1 |       0 |      45 |   0.0 |       0 |      25 |   0.0 |   890
           D:2 |       0 |     107 |   0.0 |       0 |      29 |   0.0 |   481
           D:3 |       0 |     369 |   0.0 |       0 |      26 |   0.0 |   949
           D:4 |       0 |     994 |   0.0 |       0 |      17 |   0.0 |  1277
           D:5 |       0 |     469 |   0.0 |       0 |      25 |   0.0 |   735
           D:6 |       0 |    1560 |   0.0 |       0 |      49 |   0.0 |   949
           D:7 |       0 |    1515 |   0.0 |       0 |      14 |   0.0 |   638
           D:8 |       0 |    1955 |   0.0 |       0 |      25 |   0.0 |  1192
           D:9 |       0 |    3046 |   0.0 |       0 |      17 |   0.0 |   273
        Temple |       0 |       2 |   0.0 |       0 |       1 |   0.0 |   234
       Abyss:1 |       0 |    2472 |   0.0 |       0 |       7 |   0.0 |   213
         Sewer |       0 |     133 |   0.0 |       0 |       9 |   0.0 |   145
               +---------+---------+-------+---------+---------+-------+---------

Vault maps used:
D:1:      dpeg_arrival_chase
D:2:      minmay_hexomino_c4
D:3:      lemuel_round_altar, first_ration, uniq_grinder
D:4:      nicolae_ru_path_of_blood, minmay_temple_entry_grid, serial_shops,
          shop, uniq_blork_the_orc, uniq_menkaure
D:5:      xom_redecorated
D:6:      minmay_cornered_nines, portal_sewer_entry_c, serial_shops, shop,
          kennysheep_another_room
D:7:      overflow_temple_1_default, uniq_duvessa, uniq_pikel
D:8:      lemuel_coloured_pillars_altar, david_nohive_1, minmay_misc_feat_rows
D:9:      lair_entry_dummy, hiddenorc1_lemuel, grunt_ministairs_14, uniq_erolcha
Temple:   dpeg_five_rooms_temple
Abyss:1:  evilmike_abyss_exit_vortex
Sewer:    sewer_kobolds

Table legend:
 A = Turns spent in this place as a percentage of turns spent in the entire game.
 B = Non-inter-level travel turns spent in this place as a percentage of non-inter-level travel turns spent in the entire game.
 C = Inter-level travel turns spent in this place as a percentage of turns spent in this place.
 D = Turns resting spent in this place as a percentage of non-inter-level travel turns spent in this place.
 E = Turns spent auto-exploring this place as a percentage of non-inter-level travel turns spent in this place.
 F = Non-inter-level travel turns spent in this place divided by the number of levels of this place that you've seen.
                   A       B       C       D       E      F
               +-------+-------+-------+-------+-------+----------------------
         Total | 100.0 | 100.0 |   3.9 |  32.9 |  45.9 | 638.7
       Dungeon |  92.6 |  93.4 |   3.1 |  35.3 |  45.7 | 795.3
        Temple |   2.9 |   1.9 |  36.8 |   0.0 |  96.6 | 148.0
         Abyss |   2.7 |   2.8 |   0.0 |   0.0 |   0.0 | 213.0
         Sewer |   1.8 |   1.9 |   0.0 |   0.0 |  69.0 | 145.0
               +-------+-------+-------+-------+-------+----------------------

Table legend:
 A = Kills in this place as a percentage of kills in entire the game.
 B = Kills by you in this place as a percentage of kills by you in the entire game.
 C = Kills by friends in this place as a percentage of kills by friends in the entire game.
 D = Other kills in this place as a percentage of other kills in the entire game.
 E = Experience gained in this place as a percentage of experience gained in the entire game.
 F = Experience gained in this place divided by the number of levels of this place that you have seen.
                   A       B       C       D       E      F
               +-------+-------+-------+-------+-------+----------------------
         Total | 100.0 | 100.0 |   N/A |   N/A | 100.0 | 1055.6
       Dungeon |  93.0 |  93.0 |   N/A |   N/A |  79.4 | 1117.8
        Temple |   0.4 |   0.4 |   N/A |   N/A |   0.0 |   2.0
         Abyss |   2.9 |   2.9 |   N/A |   N/A |  19.5 | 2472.0
         Sewer |   3.7 |   3.7 |   N/A |   N/A |   1.0 | 133.0
               +-------+-------+-------+-------+-------+----------------------
